 Dungeon Crawl Stone Soup version 0.28-a0-938-gbc3f381ebc (webtiles) character file.

Game seed: 11856765045962540292

221 cheechan the Gusty (level 5, -8/32 HPs)
             Began as an Octopode Air Elementalist on Nov 29, 2021.
             Was a Plaything of Xom.
             Killed by divine providence
             ... invoked by an orc priest
              (12 damage)
             ... on level 3 of the Dungeon.
             The game lasted 00:10:53 (2834 turns).

cheechan the Gusty (Octopode Air Elementalist)      Turns: 2834, Time: 00:10:54

Health: -8/32      AC:  1    Str:  8    XL:     5   Next: 98%
Magic:  4/9        EV: 13    Int: 18    God:    Xom [...*..]
Gold:   47         SH:  0    Dex: 12    Spells: 9/10 levels left

rFire   . . .      SeeInvis .   b - +2 rapier (elec)
rCold   . . .      Faith    .   (no shield)
rNeg    . . .      Spirit   .   (helmet restricted)
rPois   .          Reflect  .   (no amulet)
rElec   .          Harm     .   e - ring of willpower
rCorr   .          Rampage  .   (no ring)
Will    +....                   (no ring)
Stlth   +++.......              (no ring)
HPRegen 0.10/turn               (no ring)
MPRegen 0.11/turn               (no ring)
                                (no ring)
                                (no ring)

@: very slightly contaminated
A: almost no armour, amphibious, 8 rings, camouflage 1, gelatinous body 1,
(nimble swimmer 1), tentacles
a: Renounce Religion


You were on level 3 of the Dungeon.
You worshipped Xom.
You were a favourite toy of Xom.
You visited 1 branch of the dungeon, and saw 3 of its levels.

You collected 47 gold pieces.

Inventory:

Hand Weapons
 b - a +2 rapier of electrocution (weapon)
 j - a +0 hunting sling
Missiles
 c - 23 sling bullets
 d - 43 arrows
 f - 27 bolts
 g - 3 boomerangs (quivered)
 i - 5 datura-tipped darts
Jewellery
 e - a ring of willpower (left tentacle)
Potions
 a - a potion of might {unknown}
 k - a potion of berserk rage {unknown}


   Skills:
 + Level 0.3 Fighting
 + Level 1.2 Short Blades
 + Level 2.3 Dodging
 + Level 3.5 Stealth
 + Level 3.1 Spellcasting
 + Level 2.7 Conjurations
 + Level 4.3 Air Magic


You had 9 spell levels left.
You knew the following spells:

 Your Spells              Type           Power      Damage    Failure   Level
a - Shock                 Conj/Air       60%        1d6       3%          1

Your spell library contained the following spells:

 Spells                   Type           Power      Damage    Failure   Level
 Static Discharge         Conj/Air       15%        N/A       6%          2
 Swiftness                Air            18%        N/A       9%          3
 Ensorcelled Hibernation  Hex/Ice        4%         N/A       24%         2
 Airstrike                Air            9%         N/A       26%         4
 Spider Form              Tmut/Pois      2%         N/A       43%         3


Dungeon Overview and Level Annotations

Branches:
Dungeon (3/15)

Altars:
Uskayaw
Xom

Shops:
D:3 !([*


Innate Abilities, Weirdness & Mutations

You cannot wear most types of armour.
You are amphibious.
You can wear up to eight rings at the same time.
Your skin changes colour to match your surroundings (Stealth+).
Your rubbery body absorbs attacks. (AC +1, EV +1)
((You are camouflaged near water. (Stealth+)))
You have tentacles for arms and can constrict up to eight enemies at once.


Message History

The orc hits you with a +0 whip.
* * * LOW HITPOINT WARNING * * *
Your white imp gestures at the orc.
The puff of frost hits the orc!
The orc dies!
Okay, then.
Casting: Shock (safe; 3% risk of failure)
Confirm with . or Enter, or press ? or * to list all spells.
Aiming: Shock (safe; 3% risk of failure)
Press: ? - help, Shift-Dir - straight line, f/p - orc priest
Aim: an orc priest, wielding a +0 flail (moderately wounded, ally target, 71% to hit)
The zap hits the orc priest.
The orc priest is heavily wounded.
The orc priest looks braver for a moment.
Unknown command.
Casting: Shock (safe; 3% risk of failure)
Confirm with . or Enter, or press ? or * to list all spells.
Aiming: Shock (safe; 3% risk of failure)
Press: ? - help, Shift-Dir - straight line, f/p - orc priest
Aim: an orc priest, wielding a +0 flail (heavily wounded, ally target, 71% to hit)
The zap misses the orc.
The zap misses the orc priest.
The zap hits the orc.
The orc is severely wounded.
The orc barely misses your white imp. The orc hits you with a +0 mace.
* * * LOW HITPOINT WARNING * * *
The orc priest calls upon Beogh to heal the orc.
The orc's wounds heal themselves!
Your white imp hits the orc priest.
Your white imp freezes the orc priest.
You swap places.
The orc hits your white imp with a +0 dagger.
The orc closely misses your iron imp.
The orc priest closely misses your white imp.
Your iron imp hits the orc.
Your white imp hits the orc.
Your white imp freezes the orc.
Your shadow imp hits the bush but does no damage.
You swap places.
The orc hits your white imp but does no damage.
The orc closely misses your iron imp.
The orc priest mumbles some strange prayers to Beogh against you.
Beogh smites you!
You die...

.........# ##.#..#......
.........### #..∩.......#..
..........(##..#.#.........
.$.......o....#...####..#.#
#.......$o5...#...####.##..
##...♣♣o♣♣.<..8......... #.
♣♣♣5♣♣♣♣........#...
♣♣PP5PP♣♣..<.......♣>
♣PP.@.PP♣♣...........
#.♣♣P.....P♣♣.∩.......♣.
#......⌠............(...
##♣♣P.....P♣♣.8.........
♣PP...PP♣♣...........
♣♣PP.PP♣♣............
♣♣♣.♣♣♣♣.#.......... ♣.♣
#.##.#######. ... .....# #.


You could see an orc priest (ally target), 2 orcs, a friendly iron imp
(summoned), a friendly white imp (summoned) and a friendly shadow imp
(summoned).

Vanquished Creatures
  Jessica (D:3)
  Natasha (D:3)
  2 adders
  2 worms (D:2)
  2 dart slugs (D:3)
  4 ball pythons (D:2)
  5 bats
  An endoplasm (D:1)
  2 giant cockroaches (D:3)
  7 hobgoblins
  7 jackals (D:1)
  2 quokkas
  2 frilled lizards (D:3)
  8 goblins
  3 kobolds
  6 rats
55 creatures vanquished.

Vanquished Creatures (collateral kills)
  An ogre (D:3)
  A worm (D:3)
  An orc (D:3)
  An endoplasm (D:3)
  A ball python (D:3)
5 creatures vanquished.

Vanquished Creatures (others)
  5 plants (D:3)
5 creatures vanquished.

Grand Total: 65 creatures vanquished

Notes
Turn   | Place    | Note
-------+----------+-------------------------------------------
     0 | D:1      | cheechan the Octopode Air Elementalist began the quest for
                  | the Orb.
     0 | D:1      | Reached XP level 1. HP: 11/11 MP: 3/3
    76 | D:1      | Found a faded altar of an unknown god.
   336 | D:1      | Reached XP level 2. HP: 17/17 MP: 1/5
   847 | D:1      | Reached XP level 3. HP: 19/21 MP: 0/6
  1768 | D:2      | Found a shimmering altar of Xom.
  1797 | D:2      | Became a worshipper of Xom of Many Doors
  2063 | D:2      | Reached XP level 4. HP: 27/27 MP: 1/7
  2137 | D:3      | XOM: 1-stop teleportation journey
  2189 | D:3      | Noticed Jessica
  2189 | D:3      | Found Xodablaube's Distillery.
  2189 | D:3      | Noticed an ogre
  2189 | D:3      | Found Fuluedosch's Antique Weapon Emporium.
  2189 | D:3      | Noticed Natasha
  2189 | D:3      | XOM: 7-stop teleportation journey
  2210 | D:3      | XOM: summons 2 friendly demons
  2213 | D:3      | XOM: butterfly on damage
  2217 | D:3      | Killed an ogre
  2218 | D:3      | Reached skill level 1 in Short Blades
  2218 | D:3      | Reached skill level 4 in Air Magic
  2218 | D:3      | Reached XP level 5. HP: 13/32 MP: 7/9
  2242 | D:3      | Found a hide-covered altar of Uskayaw.
  2498 | D:3      | Killed Jessica
  2564 | D:3      | XOM: smoke on damage
  2565 | D:3      | Killed Natasha
  2728 | D:3      | Found Suiwejogru's Assorted Antiques.
  2802 | D:3      | Found Hipykoco's Antique Armour Shoppe.
  2829 | D:3      | XOM: summons 3 friendly demons
  2834 | D:3      | Killed from afar by an orc priest

Illustrated notes

Levels and vault maps discovered:
D:1:      psy_arrival_fountain, layout_basic, ebering_ecumenical_altar_rust,
          ebering_dispersal_statue_hall
D:2:      layout_rooms, basic_altar
D:3:      layout_rooms, eat_drink_and_be_merry_uskayaw, serial_forest,
          infiniplex_forest_lined_corner, infiniplex_forest_clump_small,
          infiniplex_forest_fountain, infiniplex_forest_clump_long,
          infiniplex_forest_lined_3_way, serial_shops, nicolae_diamond_shop,
          shop_statue, nicolae_shop_crystal, nicolae_lakefront_shop,
          nicolae_shop_window_shopping, hangedman_decor_growths, uniq_jessica,
          uniq_natasha

Skill      XL: |  1  2  3  4  5 |
---------------+----------------+-----
Stealth        | 3 |  3.5
Short Blades   | 1 |  1.2
Conjurations   | 2 |  2.7
Air Magic      | 4 |  4.3
Spellcasting   | 3 |  3.1
Fighting       | |  0.3
Dodging        | |  2.3

Action                   |  1- 3 |  4- 6 || total
-------------------------+-------+-------++-------
Melee: Dagger            |    44 |     9 ||    53
       Tentacles         |    12 |     1 ||    13
       Constrict         |     9 |     4 ||    13
       Rapier            |       |     7 ||     7
 Cast: Shock             |    64 |    36 ||   100
  Use: Scroll            |       |     3 ||     3
 Stab: Sleeping          |     1 |       ||     1
Armor: Skin              |     2 |     1 ||     3
Dodge: Dodged            |    45 |    11 ||    56

Table legend: (Time is in decaauts)
 A = Elapsed time spent in this place.
 B = Non-inter-level travel time spent in this place.
 C = Inter-level travel time spent in this place.
 D = Time resting spent in this place.
 E = Time spent auto-exploring this place.
 F = Levels seen in this place.
 G = Mean time per level.
                   A        B        C        D        E       F      G
               +--------+--------+--------+--------+--------+-----+--------+
         Total |   2833 |   2833 |      0 |    752 |      0 |   3 |  944.3 |
       Dungeon |   2833 |   2833 |      0 |    752 |      0 |   3 |  944.3 |
               +--------+--------+--------+--------+--------+-----+--------+

Top non-repeatable levels by time:
     D:1: 1431 daAuts
     D:2: 721 daAuts
     D:3: 680 daAuts
